 Dungeon Crawl Stone Soup version 0.30-a0-170-g85af917532 (webtiles) character file.

Game seed: 1587700540321019526

51 Julmuri the Gusty (level 3, -3/31 HPs)
             Began as an Ogre Air Elementalist on Oct 1, 2022.
             Slain by an adder (4 damage)
             ... on level 2 of the Dungeon.
             The game lasted 00:05:34 (1865 turns).

Julmuri the Gusty (Ogre Air Elementalist)           Turns: 1865, Time: 00:05:39

Health: -3/31      AC:  3    Str: 12    XL:     3   Next: 81%
Magic:  1/6        EV: 10    Int: 18    God:
Gold:   96         SH:  0    Dex:  9    Spells: 4/7 levels left

rFire   . . .      SeeInvis .    f - +0 dagger
rCold   . . .      Faith    .    (no shield)
rNeg    . . .      Spirit   .    a - +0 robe
rPois   .          Reflect  .    (helmet restricted)
rElec   .          Harm     .    (no cloak)
rCorr   .          Rampage  .    (gloves unavailable)
Will    .....                    (boots unavailable)
Stlth   ++........               (no amulet)
HPRegen 0.10/turn                (no ring)
MPRegen 0.10/turn                (no ring)

@: lethally poisoned (-3 -> -7)
A: large, unfitting armour, tough skin 1
a: no special abilities


You were on level 2 of the Dungeon.
You visited 1 branch of the dungeon, and saw 2 of its levels.

You collected 96 gold pieces.

Inventory:

Hand Weapons
 f - a +0 dagger (weapon)
Armour
 a - a +0 robe (worn)
Jewellery
 c - a ring of see invisible
Scrolls
 i - a scroll of teleportation {unknown}
 j - a scroll of silence {unknown}
Potions
 b - a potion of magic
 d - a potion of might
 g - a potion of mutation {unknown}


   Skills:
 + Level 0.1 Short Blades
 + Level 2.0 Dodging
 + Level 1.7 Stealth
 + Level 2.6 Spellcasting
 + Level 1.0 Conjurations
 + Level 3.7 Air Magic


You had 4 spell levels left.
You knew the following spells:

 Your Spells              Type           Power      Damage    Failure   Level
a - Shock                 Conj/Air       44%        1d5       6%          1
b - Blink                 Tloc           4%         N/A       26%         2

Your spell library contained the following spells:

 Spells                   Type           Power      Damage    Failure   Level
 Static Discharge         Conj/Air       22%        2-3/arc   10%         2
 Swiftness                Air            15%        N/A       11%         3
 Momentum Strike          Conj/Tloc      8%         3d8       21%         2
 Airstrike                Air            7%         2d(2-18)  34%         4
 Lesser Beckoning         Tloc           2%         N/A       45%         3


Dungeon Overview and Level Annotations

Branches:
Dungeon (2/15)

Altars:


Innate Abilities, Weirdness & Mutations

You are too large for most types of armour.
You have tough skin. (AC +1)


Message History

You feel sick. The adder closely misses you. The adder bites you.
You are more poisoned.
The adder poisons you!
You closely miss the adder.
The adder is severely wounded.
You feel very sick. The adder bites you.
Your magical contamination has completely faded away.
You hit the adder.
The adder is almost dead.
You feel sick. The adder bites you but does no damage.
You hit the adder.
The adder is almost dead.
You feel sick. The adder bites you.
You are more poisoned.
The adder poisons you! The adder bites you.
You closely miss the adder.
The adder is almost dead.
You feel sick. The adder closely misses you.
An adder is nearby!
You are too injured to fight recklessly!
Casting: Shock (safe; 6% risk of failure)
Confirm with . or Enter, or press ? or * to list all spells.
You don't have enough magic to cast this spell.
The adder attacks as you move away! The adder closely misses you.
You feel sick.
You are too injured to fight recklessly!
You are too injured to fight recklessly!
You barely miss the adder. Your punch misses the adder.
The adder is almost dead.
You feel sick. The adder bites you.
* * * LOW HITPOINT WARNING * * *
As you read the scroll labelled DUVAECWA SEPLURUY, it crumbles to dust.
The creatures around you are filled with an inner flame!
It was a scroll of immolation.
* * * LOW HITPOINT WARNING * * *
You feel sick. The adder bites you.
* * * LOW HITPOINT WARNING * * *
The adder bites you.
You die...

.............#
...
#...........#
...
#........#.##
...
#..........#
#........###
###.######
#.......#
#.......#
#.##.@.....#
#....S.#####
..........#
(.†#......# ..
#......#
#......#
#......#
#......#
.......#


You could see an adder (inner flame).

Vanquished Creatures
  A gnoll (D:1)
  2 adders (D:2)
  A worm (D:2)
  A dart slug (D:1)
  3 endoplasms (D:2)
  A goblin (D:1)
  A hobgoblin (D:2)
  A quokka (D:2)
  2 ball pythons (D:1)
  2 bats (D:1)
  2 frilled lizards
  4 rats
21 creatures vanquished.

Vanquished Creatures (others)
  2 plants (D:1)
2 creatures vanquished.

Grand Total: 23 creatures vanquished

Notes
Turn   | Place    | Note
-------+----------+-------------------------------------------
     0 | D:1      | Julmuri the Ogre Air Elementalist began the quest for the
                  | Orb.
     0 | D:1      | Reached XP level 1. HP: 16/16 MP: 3/3
    46 | D:1      | Found a faded altar of an unknown god.
   315 | D:1      | Reached skill level 3 in Air Magic
   315 | D:1      | Reached XP level 2. HP: 22/24 MP: 0/5
  1017 | D:2      | Reached skill level 1 in Conjurations
  1023 | D:2      | Reached XP level 3. HP: 25/31 MP: 0/6
  1057 | D:2      | Learned a level 2 spell: Blink
  1552 | D:2      | HP: 1/31 [worm (10)]
  1865 | D:2      | HP: 1/31 [adder (4)]
  1865 | D:2      | Slain by an adder

Illustrated notes

Levels and vault maps discovered:
D:1:      denvon_arrival_waterhouse, layout_basic,
          nicolae_ecumenical_snake_handling, minivault_14, minivault_4,
          nicolae_grassy_gnolls
D:2:      layout_basic

Skill      XL: |  1  2  3 |
---------------+----------+-----
Air Magic      | 3 |  3.7
Conjurations   | 1 |  1.0
Dodging        | 2 |  2.0
Short Blades   | |  0.1
Stealth        | |  1.7
Spellcasting   | |  2.6

Action                   || total
-------------------------++-------
Melee: Unarmed           ||    12
       Dagger            ||    25
       Punch             ||     1
 Cast: Shock             ||    58
  Use: Potion            ||     4
       Scroll            ||     1
Armor: Robe              ||    14
       Skin              ||     2
Dodge: Dodged            ||    22

Table legend: (Time is in decaauts)
 A = Elapsed time spent in this place.
 B = Non-inter-level travel time spent in this place.
 C = Inter-level travel time spent in this place.
 D = Time resting spent in this place.
 E = Time spent auto-exploring this place.
 F = Levels seen in this place.
 G = Mean time per level.
                   A        B        C        D        E       F      G
               +--------+--------+--------+--------+--------+-----+--------+
         Total |   1866 |   1836 |     30 |    270 |   1205 |   2 |  933.0 |
       Dungeon |   1866 |   1836 |     30 |    270 |   1205 |   2 |  933.0 |
               +--------+--------+--------+--------+--------+-----+--------+

Top non-repeatable levels by time:
     D:1: 988 daAuts
     D:2: 877 daAuts
